 Dungeon Crawl Stone Soup version 0.15.0-27-gbdb0435 (console) character file.

2335 rchandra the Covert (level 9, 0/69 HPs)
             Began as a Vampire Hunter on Sept 10, 2014.
             Was a Follower of Kikubaaqudgha.
             Slain by an orc wizard
             ... wielding a +0 dagger
              (5 damage)
             ... on Level 5 of the Dungeon.
             The game lasted 00:36:00 (8760 turns).

rchandra the Covert (Vampire Hunter)                Turns: 8760, Time: 00:36:00

HP   0/69        AC  4     Str 11      XL: 9   Next: 19%
MP  18/18        EV 16     Int 15      God: Kikubaaqudgha [*.....]
Gold 216         SH  0     Dex 15      Spells:  5 memorised,  2 levels left

rFire  + . .     SeeInvis +     a - +0 short sword
rCold  + . .     Clarity  .     M - +1 robe {rF+}
rNeg   + + .     rCorr    .     (no shield)
rPois  +         rRot     +     (no helmet)
rElec  .         Spirit   .     E - +0 cloak
SustAb .         Warding  .     (no gloves)
rMut   .         Stasis   .     (no boots)
Gourm  .                        G - amulet of faith
MR     .....                    J - ring of teleport control
                                w - ring of poison resistance

@: regenerating slowly, not resistant to hostile enchantments, quite stealthy
A: bottle blood, fangs 3, see invisible, unbreathing
a: Bat Form, Bottle Blood, Receive Corpses, Renounce Religion, Evoke Teleport
Control


You were on level 5 of the Dungeon.
You worshipped Kikubaaqudgha.
Kikubaaqudgha was aware of your devotion.
You were thirsty.

You visited 2 branches of the dungeon, and saw 7 of its levels.

You collected 216 gold pieces.

Inventory:

Hand weapons
 a - a +0 short sword (weapon)
 b - a +0 blowgun
 d - a +0 trident
 p - a -1 dagger
 K - a +0 antimagic whip
   (You took it off a gnoll on level 4 of the Dungeon)
 L - a cursed -1 hand axe
Missiles
 c - 2 throwing nets
 y - 3 javelins (quivered)
 z - 16 poisoned needles
 A - 24 stones
Armour
 E - a +0 cloak (worn)
 I - a +0 leather armour of cold resistance
   (You took it off an orc on level 4 of the Dungeon)
 M - a +1 robe of fire resistance (worn)
   (You took it off an orc wizard on level 5 of the Dungeon)
Magical devices
 N - a wand of flame (11)
Scrolls
 e - a scroll of fear {unknown}
 f - a scroll of remove curse
 g - 4 scrolls of teleportation {unknown}
 i - 5 scrolls of enchant armour {unknown}
 j - a scroll of amnesia {unknown}
 l - 2 scrolls of fog {unknown}
 m - a scroll of enchant weapon {unknown}
 o - 7 scrolls of identify {unknown}
 r - a scroll of random uselessness {unknown}
 s - a scroll of recharging {unknown}
 u - 2 scrolls of immolation
 C - a scroll of blinking {unknown}
 H - a scroll of noise {unknown}
Jewellery
 w - a ring of poison resistance (left hand)
   (You found it on level 3 of the Dungeon)
 G - an amulet of faith (around neck)
   (You found it on level 4 of the Dungeon)
 J - a ring of teleport control (right hand)
   (You found it on level 4 of the Dungeon)
 O - an uncursed amulet of stasis {unknown}
   (You found it on level 6 of the Dungeon)
Potions
 h - a potion of agility {unknown}
 k - a potion of cure mutation {unknown}
 n - a potion of invisibility
 q - a potion of cancellation {unknown}
 t - a potion of degeneration {unknown}
 v - a potion of poison {unknown}
 x - a potion of heal wounds {unknown}
 B - 3 potions of blood {@w2}
 D - a potion of restore abilities {unknown}
 F - 3 potions of curing {unknown}
 P - 2 potions of coagulated blood {@w2}
Books
 Q - Kikubaaqudgha's Compendium of Stolen Souls
   (Kikubaaqudgha gifted it to you on level 5 of the Dungeon)

   Spells                             Type                      Level
   *Pain                              Necromancy                   1
   *Corpse Rot                        Necromancy                   2
   *Sublimation of Blood              Necromancy                   2
   *Vampiric Draining                 Necromancy                   3
   *Control Undead                    Necromancy                   4


   Skills:
 - Level 6.0 Fighting
 + Level 3.7 Short Blades
 - Level 3.2 Throwing
 - Level 6.7 Dodging
 - Level 9.1 Stealth
 + Level 3.3 Spellcasting
 + Level 4.2 Necromancy


You had 2 spell levels left.
You knew the following spells:

 Your Spells              Type           Power        Failure   Level  Hunger
c - Corpse Rot            Necr           N/A          6%          2    ##.....
k - Vampiric Draining     Necr           ###.......   12%         3    ###....
x - Sublimation of Blood  Necr           ###.......   6%          2    ##.....
y - Pain                  Necr           ###.         3%          1    None
z - Control Undead        Necr           ###.......   34%         4    ####...


Dungeon Overview and Level Annotations

Branches:
Dungeon (6/15)             Temple (1/1) D:5

Altars:
Ashenzari
Cheibriados
Dithmenos
Fedhas
Kikubaaqudgha
Makhleb
Qazlal
Sif Muna
Trog
Vehumet
Xom
Yredelemnul
Zin
The Shining One

Annotations:
D:6 shobalk's ghost, experienced SpAK


Innate Abilities, Weirdness & Mutations

You heal slowly.
You can bottle blood from corpses.
You have razor-sharp teeth.
You have supernaturally acute eyesight.
You can survive without breathing.


Message History

There is a stone staircase leading down here.
Things that are here:
a +0 leather armour the +0 scale mail of Ashenzari's Pride {rF+} Huge Dmg: -15%(-11hp) hp: 14%(9hp)
You closely miss the orc wizard.
The orc wizard is heavily wounded.
The orc wizard casts a spell at you. The puff of flame hits you! You resist.
* * * LOW HITPOINT WARNING * * *
Huge Dmg: -6%(-4hp) hp: 8%(5hp) Unknown command.
Throwing (i - inventory. (,) - cycle):
y - 4 javelins (quivered)
Press: ? - help, Shift-Dir - straight line, f - orc wizard
Aim: an orc wizard, wielding a dagger and wearing a robe (heavily wounded, poisoned)
You throw a javelin.
The javelin barely misses the orc wizard.
The orc wizard hits you with a dagger.
You die...
Kikubaaqudgha rasps: "You have failed me!
Welcome... oblivion!"

..##........'...'....#...........
.......##'##.........+....##'###.
..##...#.............#....#....'.
..##...#......_..#'###....#....#.
####...#.........#...#....#....#.
#....#.............#....#....#.
#....'....'........'....'....'.
##'###....#(####(###....#'####.
#.............V................
#......).(....o.....##'#......#
#...................'..'......'
#...................#..#....<.#
#.#'##.........###'##..#......#
###....#.........'.......#......#
..##...'...).)...#.......'......'
..##...#....##'###...##'##......#
..##...#....#.[[##...##..##'#....


You could see an orc wizard.

Vanquished Creatures
  3 yaks (D:5)
  2 hippogriffs (D:4 D:5)
  4 ogres (D:4 D:5)
  A phantom (D:3)
  An ice beast (D:5)
  A centaur (D:5)
  A giant frog (D:5)
  A scorpion (D:4)
  2 crimson imps (D:4 D:5)
  5 orc priests (D:4 D:5)
  A hound (D:6)
  3 iguanas (D:4 D:5)
  5 orc wizards (D:4 D:5)
  2 worker ants (D:4 D:5)
  Jessica (D:2)
  An ogre skeleton (D:5)
  A hound zombie (D:6)
  A worker ant zombie (D:5)
  11 adders (D:2 D:3 D:4 D:5 D:6)
  3 gnolls (D:4)
  A shadow imp (D:5)
  5 worms (D:2 D:3)
  An iguana zombie (D:5)
  3 giant geckos (D:2 D:3 D:4)
  An ooze (D:3)
  23 orcs (D:3 D:4 D:5 D:6)
  3 ball pythons (D:3 D:4)
  8 giant cockroaches (D:1 D:3 D:4)
  17 hobgoblins (D:1 D:2 D:3 D:4 D:5)
  4 jackals (D:5)
  3 quokkas (D:3 D:4)
  19 bats (D:1 D:2 D:3 D:4 D:5)
  2 giant newts (D:3)
  16 goblins (D:1 D:2 D:3 D:4 D:5)
  2 hobgoblin skeletons (D:4)
  14 kobolds (D:1 D:2 D:3 D:5)
  17 rats (D:1 D:2 D:3 D:4 D:5)
189 creatures vanquished.

Notes
Turn   | Place    | Note
--------------------------------------------------------------
     0 | D:1      | rchandra, the Vampire Hunter, began the quest for the Orb.
     0 | D:1      | Reached XP level 1. HP: 16/16 MP: 1/1
   188 | D:1      | Huge Dmg: 5 dmg
   188 | D:1      | Reached skill level 2 in Stealth
   331 | D:1      | Reached XP level 2. HP: 17/22 MP: 2/2
   365 | D:1      | Reached skill level 2 in Fighting
   568 | D:2      | Noticed Jessica
   575 | D:2      | Killed Jessica
   575 | D:2      | Reached skill level 3 in Stealth
   575 | D:2      | Reached XP level 3. HP: 24/28 MP: 3/3
   647 | D:2      | Huge Dmg: 9 dmg
  1027 | D:3      | Huge Dmg: 10 dmg
  1030 | D:3      | Reached skill level 3 in Dodging
  1030 | D:3      | Reached XP level 4. HP: 20/34 MP: 4/4
  1279 | D:3      | Reached skill level 4 in Stealth
  1369 | D:3      | Reached skill level 3 in Fighting
  1495 | D:3      | Huge Dmg: 9 dmg
  1618 | D:3      | Found a radiant altar of Vehumet.
  1629 | D:3      | Huge Dmg: 9 dmg
  1631 | D:3      | Huge Dmg: 6 dmg
  1856 | D:3      | Reached XP level 5. HP: 41/41 MP: 5/5
  2103 | D:3      | Huge Dmg: 11 dmg
  2114 | D:3      | Huge Dmg: 9 dmg
  2241 | D:3      | Reached skill level 5 in Stealth
  2441 | D:3      | Huge Dmg: 5 dmg
  2442 | D:3      | Huge Dmg: 5 dmg
  2444 | D:3      | Huge Dmg: 3 dmg
  2583 | D:2      | Huge Dmg: 11 dmg
  2584 | D:2      | Huge Dmg: 10 dmg
  2965 | D:4      | Noticed an ogre
  2976 | D:4      | Killed an ogre
  2976 | D:4      | Reached skill level 4 in Dodging
  2976 | D:4      | Reached XP level 6. HP: 46/48 MP: 6/6
  3034 | D:4      | Noticed an ogre
  3040 | D:4      | Huge Dmg: 24 dmg
  3042 | D:4      | Killed an ogre
  3042 | D:4      | Reached skill level 6 in Stealth
  3380 | D:4      | Reached skill level 4 in Fighting
  3613 | D:4      | Noticed a hippogriff
  3723 | D:4      | Huge Dmg: 6 dmg
  3968 | D:4      | Noticed a phantom
  4193 | D:4      | Reached skill level 5 in Dodging
  4247 | D:4      | Noticed an ogre
  4263 | D:4      | Killed an ogre
  4263 | D:4      | Reached skill level 7 in Stealth
  4263 | D:4      | Reached XP level 7. HP: 53/55 MP: 7/7
  4459 | D:4      | Huge Dmg: 19 dmg
  4460 | D:4      | Huge Dmg: 6 dmg
  4462 | D:4      | Huge Dmg: 5 dmg
  4464 | D:4      | Huge Dmg: 14 dmg
  4476 | D:4      | Killed a hippogriff
  4752 | D:5      | Entered Level 5 of the Dungeon
  4821 | D:4      | Reached skill level 8 in Stealth
  4988 | D:5      | Reached skill level 5 in Fighting
  5176 | D:5      | Found a shattered altar of Ashenzari.
  5229 | D:5      | Got a crude scale mail
  5240 | D:5      | Identified the +0 scale mail of Ashenzari's Pride {rF+} (You found it on level 5 of the Dungeon)
  5272 | D:5      | Huge Dmg: 16 dmg
  5272 | D:5      | Reached skill level 6 in Dodging
  5272 | D:5      | Reached XP level 8. HP: 26/62 MP: 8/8
  5501 | D:5      | Reached skill level 9 in Stealth
  5685 | D:5      | Found a staircase to the Ecumenical Temple.
  5693 | Temple   | Entered the Ecumenical Temple
  5779 | Temple   | Became a worshipper of Kikubaaqudgha
  6693 | D:5      | Huge Dmg: 11 dmg
  6695 | D:5      | Huge Dmg: 13 dmg
  6964 | D:5      | Reached skill level 1 in Necromancy
  7003 | D:5      | Huge Dmg: 12 dmg
  7018 | D:5      | Huge Dmg: 11 dmg
  7267 | D:5      | Huge Dmg: 13 dmg
  7272 | D:5      | Reached skill level 6 in Fighting
  7272 | D:5      | Reached skill level 1 in Spellcasting
  7272 | D:5      | Reached skill level 2 in Necromancy
  7334 | D:5      | Huge Dmg: 15 dmg
  7336 | D:5      | Huge Dmg: 18 dmg
  7705 | D:5      | Reached skill level 2 in Spellcasting
  7775 | D:5      | Acquired Kikubaaqudgha's first power
  7775 | D:5      | Received a gift from Kikubaaqudgha
  7776 | D:5      | Identified Kikubaaqudgha's Compendium of Stolen Souls (Kikubaaqudgha gifted it to you on level 5 of the Dungeon)
  7779 | D:5      | Learned a level 1 spell: Pain
  7782 | D:5      | Learned a level 2 spell: Corpse Rot
  7785 | D:5      | Learned a level 2 spell: Sublimation of Blood
  7789 | D:5      | Learned a level 3 spell: Vampiric Draining
  7844 | D:5      | Reached skill level 2 in Short Blades
  7844 | D:5      | Reached skill level 3 in Necromancy
  7862 | D:5      | Reached XP level 9. HP: 69/69 MP: 16/16
  7904 | D:5      | Reached skill level 3 in Short Blades
  7904 | D:5      | Reached skill level 3 in Spellcasting
  7910 | D:5      | Learned a level 4 spell: Control Undead
  8021 | D:5      | Huge Dmg: 14 dmg
  8022 | D:5      | Huge Dmg: 14 dmg
  8023 | D:5      | Reached skill level 4 in Necromancy
  8306 | D:3      | Killed a phantom
  8736 | D:6      | Noticed shobalk's ghost (experienced SpAK)
  8755 | D:6      | Huge Dmg: 20 dmg
  8759 | D:5      | Huge Dmg: 11 dmg
  8760 | D:5      | Huge Dmg: 4 dmg
  8760 | D:5      | Slain by an orc wizard

Action                   |  1- 3 |  4- 6 |  7- 9 || total
-------------------------+-------+-------+-------++-------
Melee: Short sword       |   103 |   366 |   515 ||   984
       Trident           |       |       |    10 ||    10
 Fire: Blowgun           |       |    35 |    71 ||   106
Throw: Javelin           |     2 |    11 |     2 ||    15
       Throwing net      |       |     1 |       ||     1
 Cast: Pain              |       |       |    11 ||    11
 Abil: Bottle Blood      |       |    10 |    14 ||    24
  Use: Scroll            |     2 |     2 |     1 ||     5
       Potion            |       |       |     6 ||     6
 Stab: Sleeping          |     2 |    12 |    13 ||    27
       Held in net/web   |       |     2 |       ||     2
       Distracted        |       |     2 |     5 ||     7
  Eat: Corpse            |    11 |    20 |     4 ||    35

Vault maps used:
D:1:      minmay_arrival_up_and_down, corexii_leaking_fountain
D:2:      uniq_jessica
D:3:      forest_paths, vehumet_altar_wand_db, interstate_on_off,
          minmay_close_crescents
D:4:      first_bread
D:5:      minmay_temple_entry_glassed_door, basic_altar, grunt_decor_one_mirror
D:6:      nemelex_xobeh_ov_fountains_minmay, kennysheep_boxes
Temple:   zaba_magenta_temple_12
